 Dungeon Crawl Stone Soup version 0.19.4-10-g532645f (webtiles) character file.

1181 JeffiDaFish the Covered (level 8, -4/50 HPs)
             Began as a Gargoyle Fighter on Feb 26, 2017.
             Slain by an orc warrior
             ... wielding a +0 dire flail
              (7 damage)
             ... on level 6 of the Dungeon.
             The game lasted 00:08:33 (4761 turns).

JeffiDaFish the Covered (Gargoyle Fighter)          Turns: 4761, Time: 00:08:34

Health: -4/50      AC: 15    Str: 15 (18) XL:     8   Next: 42%
Magic:  8/8        EV:  5    Int:  8 (9)  God:
Gold:   294        SH:  9    Dex:  9 (11) Spells: 0 memorised, 7 levels left

rFire  . . .     SeeInvis .     a - +1 flail
rCold  . . .     Gourm    .     g - +0 chain mail
rNeg   + . .     Faith    .     c - +0 shield
rPois  ∞         Spirit   .     (no helmet)
rElec  +         Reflect  .     (no cloak)
rCorr  .         Harm     .     (no gloves)
MR     .....                    (no boots)
Stlth  ..........               (no amulet)
                                (no ring)
                                b - -2 ring of strength (curse)

@: no status effects
A: negative energy resistance 1, electricity resistance, unbreathing,
petrification resistance, rot immunity, AC +5
a: no special abilities


You were on level 6 of the Dungeon.
You were not hungry.

You visited 1 branch of the dungeon, and saw 6 of its levels.
You also visited: Ossuary.

You collected 294 gold pieces.

Inventory:

Hand Weapons
 a - a +1 flail (weapon)
Armour
 c - a +0 shield (worn)
 g - a +0 chain mail (worn)
Jewellery
 b - a cursed -2 ring of strength (left hand)
Scrolls
 h - 2 scrolls of identify
 m - a scroll of teleportation
Potions
 d - 4 potions of might
 e - 3 potions of curing
 p - 2 potions of brilliance
 q - a potion of heal wounds
 t - 2 potions of cancellation
Comestibles
 f - 5 bread rations
 i - 6 chunks of flesh
 j - a royal jelly
 k - 2 meat rations


   Skills:
 + Level 5.6 Fighting
 + Level 5.8 Maces & Flails
 + Level 6.0 Armour
 + Level 1.2 Dodging
 + Level 0.5 Stealth
 + Level 6.0 Shields


You had 7 spell levels left.
You didn't know any spells.

Dungeon Overview and Level Annotations

Branches:
Dungeon (6/15)             Temple (0/1) D:6

Altars:
Ru
Zin


Innate Abilities, Weirdness & Mutations

You are resistant to torment.
Your stone body is resilient. (AC +5)
You are immune to poison.
You resist negative energy. (rN+)
You are resistant to electric shocks. (rElec)
You can survive without breathing.
You are immune to petrification.
You are immune to rotting.


Message History

The orc warrior hits you with a dire flail!
* * * LOW HITPOINT WARNING * * *
You are too injured to fight recklessly!
You are too injured to fight recklessly!
You are too injured to fight recklessly!
You are too injured to fight recklessly!
You completely miss the orc warrior.
The orc warrior is heavily wounded.
You block the orc's attack. The orc warrior barely misses you.
You hit the orc warrior but do no damage.
The orc warrior is heavily wounded.
The orc hits you with a hand axe.
* * * LOW HITPOINT WARNING * * *
The orc warrior hits you with a dire flail!
* * * LOW HITPOINT WARNING * * *
You completely miss the orc warrior.
The orc warrior is heavily wounded.
You block the orc's attack.
The orc warrior hits you with a dire flail!
You die...

>..⌠ .... ...#
.⌠.# # ##...#
#. #... .
###.###.####...
#...o..........
#....@o........
#............>.
#(......(......
#..............
###########....
.... .(. ..


You could see an orc warrior and an orc.

Vanquished Creatures
  The ghost of darthinebriated the Chopper, an amateur MiFi of Makhleb (D:4)
  A water moccasin (D:5)
  A phantom (D:4)
  3 ogres
  A water moccasin zombie (Ossuary)
  A scorpion (D:4)
  A howler monkey (D:3)
  A crimson imp (D:4)
  2 hounds (D:4)
  2 worker ants (D:5)
  A killer bee zombie (D:5)
  5 big kobold zombies (Ossuary)
  2 mummies (Ossuary)
  6 adders
  A shadow imp (D:5)
  2 oozes
  6 adder zombies
  An adder skeleton (D:5)
  3 worms
  2 leopard geckos
  4 orcs
  A ball python (D:4)
  A giant cockroach (D:2)
  A goblin (D:2)
  5 hobgoblins
  3 quokkas
  5 bats
  4 frilled lizards
  4 hobgoblin zombies (Ossuary)
  2 jackal zombies (D:5)
  8 kobolds
  7 kobold zombies (Ossuary)
  A leopard gecko skeleton (D:4)
  9 orc zombies (Ossuary)
  A quokka skeleton (D:5)
  8 rats
107 creatures vanquished.

Notes
Turn   | Place    | Note
-------+----------+-------------------------------------------
     0 | D:1      | JeffiDaFish the Gargoyle Fighter began the quest for the Orb.
     0 | D:1      | Reached XP level 1. HP: 14/14 MP: 1/1
   396 | D:1      | Reached XP level 2. HP: 19/19 MP: 2/2
   712 | D:2      | Reached XP level 3. HP: 23/24 MP: 3/3
  1594 | D:3      | Reached XP level 4. HP: 22/29 MP: 4/4
  2347 | D:3      | Reached XP level 5. HP: 25/33 MP: 5/5
  2632 | D:4      | Noticed a phantom
  2682 | D:4      | Killed a phantom
  2682 | D:4      | Reached XP level 6. HP: 34/39 MP: 6/6
  2774 | D:4      | Found a sacrificial altar of Ru.
  2775 | D:4      | Found a glowing silver altar of Zin.
  2941 | D:4      | Noticed darthinebriated's ghost (amateur MiFi)
  2956 | D:4      | Killed darthinebriated's ghost
  2956 | D:4      | Reached skill level 5 in Armour
  2956 | D:4      | Reached XP level 7. HP: 31/44 MP: 7/7
  3090 | D:4      | Reached skill level 5 in Shields
  3300 | D:5      | Entered Level 5 of the Dungeon
  3516 | D:5      | Reached skill level 5 in Fighting
  3630 | D:5      | Reached skill level 5 in Maces & Flails
  3633 | D:5      | Found a sand-covered staircase.
  3641 | Ossuary  | Entered an ossuary
  3955 | Ossuary  | Reached XP level 8. HP: 33/49 MP: 8/8
  4203 | Ossuary  | Gained mutation: You are dopey. (Int -2) [potion of mutation]
  4203 | Ossuary  | Gained mutation: Your magical capacity is low. (-10% MP) [potion of mutation]
  4207 | Ossuary  | Lost mutation: You are dopey. (Int -2) [potion of cure mutation]
  4207 | Ossuary  | Lost mutation: Your magical capacity is low. (-10% MP) [potion of cure mutation]
  4288 | D:5      | Reached skill level 1 in Dodging
  4582 | D:6      | Found a staircase to the Ecumenical Temple.
  4761 | D:6      | Slain by an orc warrior

Skill      XL: |  1  2  3  4  5  6  7  8 |
---------------+-------------------------+-----
Shields        | 4 5 6 |  6.0
Fighting       | 4 5 |  5.6
Armour         | 4 5 6 |  6.0
Maces & Flails | 3 4 5 |  5.8
Dodging        | 1 |  1.2
Stealth        | |  0.5

Action                   |  1- 3 |  4- 6 |  7- 9 || total
-------------------------+-------+-------+-------++-------
Melee: Flail             |    94 |   161 |   273 ||   528
  Use: Scroll            |     8 |     1 |     2 ||    11
       Potion            |     3 |     3 |    10 ||    16
  Eat: Chunk             |     2 |     5 |     5 ||    12
       Beef jerky        |       |       |     1 ||     1
Armor: Scale mail        |    46 |       |       ||    46
       Chain mail        |     5 |   111 |   151 ||   267
Dodge: Dodged            |    23 |    31 |    66 ||   120
Block: Shield            |    46 |    91 |   142 ||   279
